 Dungeon Crawl Stone Soup version 0.23.2-1-ga50397a (webtiles) character file.

Game seed: 14455434106462659476

96 MalarOregon the Ruffian (level 4, -3/38 HPs)
             Began as a Ghoul Gladiator on June 2, 2019.
             Killed by divine providence
             ... invoked by an orc priest
              (17 damage)
             ... on level 3 of the Dungeon.
             The game lasted 00:02:30 (1413 turns).

MalarOregon the Ruffian (Ghoul Gladiator)           Turns: 1413, Time: 00:02:31

Health: -3/38      AC:  5    Str: 17    XL:     4   Next: 67%
Magic:  3/3        EV: 12    Int:  3    God:
Gold:   130        SH:  0    Dex: 11    Spells: 3/3 levels left

rFire    . . .     SeeInvis .     - Unarmed
rCold    + . .     Gourm    .   (no shield)
rNeg     + + +     Faith    .   a - +0 leather armour
rPois    ∞         Spirit   .   b - +0 helmet
rElec    .         Reflect  .   (no cloak)
rCorr    .         Harm     .   (no gloves)
MR       .....                  f - +0 pair of boots
Stlth    +.........             (no amulet)
HPRegen  0.00/turn              (no ring)
MPRegen  0.08/turn              (no ring)

@: rotting
A: rotting body, claws 1, carnivore, cold resistance 1, negative energy
resistance 3, inhibited regeneration, torment resistance, unbreathing
a: no special abilities


You were on level 3 of the Dungeon.
You were not hungry.

You visited 1 branch of the dungeon, and saw 3 of its levels.

You collected 130 gold pieces.

Inventory:

Missiles
 c - 3 throwing nets (quivered) {!f}
 h - 8 curare-tipped needles {!f}
 r - 3 tomahawks
 t - 7 javelins
Armour
 a - a +0 leather armour (worn)
 b - a +0 helmet (worn)
 f - a +0 pair of boots (worn)
   (You found it on level 1 of the Dungeon)
Jewellery
 k - an uncursed ring of fire
   (You found it on level 1 of the Dungeon)
Scrolls
 i - 5 scrolls of identify {unknown}
 j - a scroll of amnesia {unknown}
 n - 2 scrolls of fog {unknown}
 o - a scroll of blinking {unknown}
 p - a scroll of teleportation {unknown}
 s - a scroll of remove curse {unknown}
Potions
 g - a potion of heal wounds {unknown}
 l - a potion of curing {unknown}
 m - a potion of agility {unknown}
 q - a potion of flight {unknown}
Comestibles
 d - 2 chunks of flesh
 e - 6 rations {!d}


   Skills:
 * Level 3.4 Fighting
 + Level 2.3 Throwing
 + Level 3.1 Dodging
 * Level 4.3 Unarmed Combat


You had 3 spell levels left.
You didn't know any spells.
Your spell library was empty.

Dungeon Overview and Level Annotations

Branches:
Dungeon (3/15)

Altars:
Sif Muna


Innate Abilities, Weirdness & Mutations

Your body is rotting away.
You thrive on raw meat.
You are immune to poison.
You have sharp fingernails.
You are carnivorous and can eat meat at any time.
Your flesh is cold resistant. (rC+)
You are immune to negative energy. (rN+++)
You do not regenerate when monsters are visible.
You are immune to unholy pain and torment.
You can survive without breathing.


Message History

You barely miss the rat. You scratch the rat.
You kill the rat!
No target in view!
You butcher the giant cockroach corpse.
d - 3 chunks of flesh (gained 2)
Found 12 gold pieces.
You now have 118 gold pieces (gained 4).
Found a stone staircase leading down.
You now have 130 gold pieces (gained 12).
Found 7 javelins.
t - 7 javelins
Found a stone staircase leading down.
Found 24 stones.
An orc priest comes into view. It is wielding a +0 dagger.
The orc priest shouts!
An orc comes into view.
There are monsters nearby!
There are monsters nearby!
An orc comes into view. It is wielding a +3 dagger.
The orc shouts!
An orc comes into view. It is wielding a +0 flail.
Found 16 gold pieces.
The orc priest hits you with a cursed +0 dagger.
You scratch the orc priest. The orc misses you.
You barely miss the orc priest. The orc priest closely misses you.
You claw the orc priest! The orc barely misses you.
The orc priest hits you but does no damage.
You scratch the orc priest. The orc barely misses you.
The orc closely misses you. The orc hits you with a +3 dagger.
The orc priest closely misses you.
You scratch the orc priest. The orc hits you but does no damage.
The orc hits you with a +3 dagger.
The orc priest hits you with a cursed +0 dagger.
The orc hits you with a +0 flail.
Some of the chunks of flesh in your inventory have rotted away.
You closely miss the orc priest. The orc hits you but does no damage.
The orc closely misses you.
The orc priest hits you with a cursed +0 dagger.
* * * LOW HITPOINT WARNING * * *
The orc misses you.
You closely miss the orc priest. The orc hits you.
* * * LOW HITPOINT WARNING * * *
The orc hits you but does no damage.
The orc priest hits you but does no damage.
You closely miss the orc priest. The orc barely misses you.
The orc closely misses you. The orc misses you.
The orc priest calls down the wrath of Beogh upon you.
Beogh smites you!
You die...

..........
#..........#..........
#......$..............
###.....................
.......................
#........(............
#............#........
#...ooo...... ........
#...o@.......##.......
#####......#....###...
###.>...............
###>......#.........#.
#.....###.#.........#.
#...................#)
#...#.#.............#.
#...#.#.............#.
#####.#...............


You could see an orc priest and 3 orcs.

Vanquished Creatures
  4 adders
  A worm (D:2)
  2 dart slugs (D:1)
  2 orcs (D:3)
  A giant cockroach (D:3)
  9 goblins
  4 hobgoblins
  3 jackals (D:2)
  3 quokkas
  A ball python (D:3)
  5 bats
  3 frilled lizards
  8 kobolds
  5 rats
51 creatures vanquished.

Notes
Turn   | Place    | Note
-------+----------+-------------------------------------------
     0 | D:1      | MalarOregon the Ghoul Gladiator began the quest for the
                  | Orb.
     0 | D:1      | Reached XP level 1. HP: 17/17 MP: 0/0
   184 | D:1      | Reached XP level 2. HP: 23/25 MP: 1/1
   585 | D:2      | Reached XP level 3. HP: 24/30 MP: 2/2
   781 | D:2      | Reached skill level 4 in Unarmed Combat
   790 | D:2      | Reached XP level 4. HP: 25/37 MP: 3/3
   987 | D:2      | Found a deep blue altar of Sif Muna.
  1413 | D:3      | Killed from afar by an orc priest

Skill      XL: |  1  2  3 |
---------------+----------+-----
Throwing       | 2 |  2.3
Fighting       | 3 |  3.4
Dodging        | 3 |  3.1
Unarmed Combat | 4 |  4.3

Action                   |  1- 3 |  4- 6 || total
-------------------------+-------+-------++-------
Melee: Unarmed           |    95 |    78 ||   173
       Punch             |     2 |     2 ||     4
  Eat: Chunk             |     3 |     3 ||     6
Armor: Leather armour    |    37 |    24 ||    61
Dodge: Dodged            |    70 |    61 ||   131
